 Dungeon Crawl Stone Soup version 0.25-a0-458-g6fc7858b95 (webtiles) character file.

Game seed: 9814546495381575466, levelgen mode: deterministic

129 Nattfarinn the Digger (level 5, 0/39 HPs)
             Began as a Formicid Earth Elementalist on Feb 2, 2020.
             Succumbed to an adder's poison
             ... on level 2 of the Dungeon.
             The game lasted 00:03:41 (1895 turns).

Nattfarinn the Digger (Formicid Earth Elementalist) Turns: 1895, Time: 00:03:41

Health: 0/39       AC:  1    Str: 16    XL:     5   Next: 35%
Magic:  8/9        EV: 12    Int: 21    God:
Gold:   76         SH:  0    Dex: 11    Spells: 8/9 levels left

rFire    + . .     SeeInvis +   l - +2 dagger (elec)
rCold    + . .     Gourm    .   (no shield)
rNeg     . . .     Faith    .   c - +0 robe
rPois    +         Spirit   .   (helmet unavailable)
rElec    +         Reflect  .   (no cloak)
rCorr    +         Harm     .   (no gloves)
MR       .....                  (no boots)
Stlth    ++........             (no amulet)
HPRegen  0.13/turn              (no ring)
MPRegen  0.11/turn              (no ring)

@: brilliant, lethally poisoned (0 -> -5), resistant
A: permanent stasis, dig shafts and tunnels, four strong arms, antennae 3,
deformed body, screaming 1, strong 2
a: Dig, Shaft Self


You were on level 2 of the Dungeon.
You were not hungry.

You visited 1 branch of the dungeon, and saw 2 of its levels.

You collected 76 gold pieces.

Inventory:

Hand Weapons
 a - a +0 mace
 l - a +2 dagger of electrocution (weapon)
 q - a +0 whip of freezing
Missiles
 b - 66 stones (quivered)
Armour
 c - a +0 robe (worn)
Scrolls
 g - a scroll of remove curse {unknown}
 i - 3 scrolls of enchant weapon
 j - a scroll of magic mapping {unknown}
 n - a scroll of random uselessness {unknown}
 o - a scroll of teleportation {unknown}
Potions
 f - a potion of agility
 k - a potion of haste
Comestibles
 d - 3 rations


   Skills:
 * Level 2.7 Fighting
 + Level 1.6 Maces & Flails
 + Level 1.6 Armour
 - Level 1.7 Dodging
 - Level 2.4 Stealth
 + Level 2.9 Spellcasting
   Level 1.1 Transmutations
 + Level 4.3 Earth Magic


You had 8 spell levels left.
You knew the following spells:

 Your Spells              Type           Power        Failure   Level  Hunger
a - Sandblast             Erth           ####..       1%          1    None

Your spell library contained the following spells:

 Spells                   Type           Power        Failure   Level  Hunger
 Passwall                 Tmut/Erth      ####....     1%          2    ##.....
 Stone Arrow              Conj/Erth      ###...       2%          3    ###....
 Petrify                  Tmut/Erth      ####....     5%          4    ####...
 Lee's Rapid Deconstruct  Erth           ####......   7%          5    ######.


Dungeon Overview and Level Annotations

Branches:
Dungeon (2/15)

Altars:


Innate Abilities, Weirdness & Mutations

You cannot be hasted, slowed, berserked, paralysed or teleported.
You can dig through walls and to a lower floor.
Your four strong arms can wield two-handed weapons with a shield.
You have a pair of large antennae on your head. (SInv)
Armour fits poorly on your strangely shaped body.
You occasionally shout uncontrollably at your foes.
Your muscles are very strong. (Str +4)


Message History

It was a potion of berserk rage.
Your stasis prevents you from going berserk.
* * * LOW HITPOINT WARNING * * *
You feel sick.
It was a potion of brilliance.
You feel clever all of a sudden.
* * * LOW HITPOINT WARNING * * *
You feel sick.
Really quaff the potion of mutation?
You feel extremely strange.
Your body twists and deforms.
You feel stronger.
You feel the urge to shout.
You feel stronger.
* * * LOW HITPOINT WARNING * * *
You feel sick.
There is a lethal amount of poison in your body!
* * * LOW HITPOINT WARNING * * *
You feel sick.
* * * LOW HITPOINT WARNING * * *
You feel sick.
You die...

#.......#.# #(#
#.......#.###.#
#########..##.#
##.##.# #.##.#
######### #..#.#
#.......# ##.#.#
#?......##########.#.#
#......!@............#
#........#########...#
#........# ##..#
########.# #..# #.#
#..# #.# #.># #.# ####
#..


There were no monsters in sight!

Vanquished Creatures
  An orc priest (D:2)
  An iguana (D:2)
  A gnoll (D:1)
  An adder (D:2)
  2 oozes (D:2)
  A worm (D:2)
  4 orcs (D:2)
  3 bats
  2 giant cockroaches (D:1)
  8 hobgoblins
  5 kobolds (D:1)
  A frilled lizard (D:1)
  7 goblins
  2 rats (D:1)
39 creatures vanquished.

Vanquished Creatures (others)
  4 toadstools (D:1)
4 creatures vanquished.

Grand Total: 43 creatures vanquished

Notes
Turn   | Place    | Note
-------+----------+-------------------------------------------
     0 | D:1      | Nattfarinn the Formicid Earth Elementalist began the quest
                  | for the Orb.
     0 | D:1      | Reached XP level 1. HP: 13/13 MP: 3/3
   178 | D:1      | Reached XP level 2. HP: 13/20 MP: 5/5
   392 | D:1      | Reached skill level 1 in Fighting
   460 | D:1      | Reached XP level 3. HP: 9/26 MP: 2/6
   906 | D:1      | Reached skill level 1 in Armour
  1248 | D:2      | Reached skill level 1 in Maces & Flails
  1248 | D:2      | Reached skill level 4 in Earth Magic
  1248 | D:2      | Reached XP level 4. HP: 27/33 MP: 6/8
  1763 | D:2      | Reached XP level 5. HP: 22/39 MP: 9/9
  1890 | D:2      | Gained mutation: Armour fits poorly on your strangely
                  | shaped body. [potion of mutation]
  1890 | D:2      | Gained mutation: Your muscles are strong. (Str +2) [potion
                  | of mutation]
  1890 | D:2      | Gained mutation: You occasionally shout uncontrollably at
                  | your foes. [potion of mutation]
  1890 | D:2      | Gained mutation: Your muscles are very strong. (Str +4)
                  | [potion of mutation]
  1893 | D:2      | HP: 1/39 [poisoned by an adder]
  1895 | D:2      | Succumbed to an adder's poison

Levels and vault maps discovered:
D:1:      ldierk_walled_garden_2, layout_loops_corners
D:2:      layout_basic

Skill      XL: |  1  2  3 |
---------------+----------+-----
Fighting       | 1 2 |  2.7
Armour         | 1 |  1.6
Maces & Flails | 1 |  1.6
Earth Magic    | 4 |  4.3
Dodging        | |  1.7
Stealth        | |  2.4
Spellcasting   | |  2.9
Transmutations | |  1.1

Action                   |  1- 3 |  4- 6 || total
-------------------------+-------+-------++-------
Melee: Mace              |    49 |       ||    49
       Dagger            |    35 |    53 ||    88
 Cast: Sandblast         |     3 |     3 ||     6
  Use: Scroll            |       |     4 ||     4
       Potion            |       |     4 ||     4
 Stab: Sleeping          |     6 |     2 ||     8
  Eat: Chunk             |     1 |     2 ||     3
Armor: Robe              |     7 |     2 ||     9
Dodge: Dodged            |    51 |    26 ||    77

Table legend:
 A = Non-vault XP
 B = Vault XP
 C = Vault XP percentage of total XP
 D = Non-vault monster count
 E = Vault monster count
 F = Vault count percentage of total count
                 A         B        C        D         E       F
            +---------+---------+-------+---------+---------+-------
      Total |     185 |       0 |   0.0 |      39 |       0 |   0.0
            +---------+---------+-------+---------+---------+-------
        D:1 |      50 |       0 |   0.0 |      23 |       0 |   0.0
        D:2 |     135 |       0 |   0.0 |      16 |       0 |   0.0
            +---------+---------+-------+---------+---------+-------
